 Dungeon Crawl Stone Soup version 0.30-a0-722-g3e6e8c874d (webtiles) character file.

Game seed: 10506080460685222901

163369 ragingrage the Fencer (level 17, -24/149 HPs)
             Began as a Pale Draconian Reaver on Jan 28, 2023.
             Was a High Priest of Okawaru.
             Killed from afar by a salamander tyrant (42 damage)
             ... on level 2 of the Snake Pit.
             The game lasted 01:16:51 (38920 turns).

ragingrage the Fencer (Pale Draconian Reaver)      Turns: 38920, Time: 01:16:52

Health: -24/149    AC: 19    Str: 22    XL:     17   Next: 23%
Magic:  26/26      EV: 19    Int: 13    God:    Okawaru [*****.]
Gold:   2614       SH: 16    Dex: 22    Spells: 9/24 levels left

rFire   . . .      SeeInvis .    b - +8 whip "Snakebite" {venom, curare, rPois}
rCold   + . .      Faith    .    W - +2 kite shield {AC+3}
rNeg    . . .      Spirit   .    (body armour unavailable)
rPois   +          Reflect  .    M - +1 hat
rElec   +          Harm     .    U - +1 cloak of the Cicada {Regen+ Str+6}
rCorr   .          Rampage  .    j - +2 pair of gloves of Disaster {Drain +Inv rElec Dex+3}
Will    ++...                    u - +0 pair of boots {Fly}
Stlth   +++                      B - amulet of regeneration
HPRegen 2.04/turn                q - ring of protection from cold
MPRegen 0.20/turn                P - +6 ring of dexterity

@: weakened, flying
A: breathe steam, AC +9, unfitting armour, cold-blooded, steam resistance,
clumsy 1, dopey 1, strong-willed 1
a: Breathe Steam, Renounce Religion, Evoke Invisibility, Heroism, Finesse, Duel


You were on level 2 of the Snake Pit.
You worshipped Okawaru.
Okawaru was extremely pleased with you.
You visited 5 branches of the dungeon, and saw 28 of its levels.
You also visited: Ossuary, Gauntlet and Ice Cave.

You collected 4111 gold pieces.
You spent 1497 gold pieces at shops.

Inventory:

Hand Weapons
 a - the +11 Singing Sword {sonic wave}
   (Okawaru gifted it to you on level 2 of the Swamp)
 b - the +8 whip "Snakebite" (weapon) {venom, curare, rPois}
   (You found it on level 3 of the Lair of Beasts)

   rPois:     It protects you from poison.
 c - a +1 scimitar of holy wrath
 k - a +3 hand crossbow of draining
 m - a +0 long sword of flaming
Missiles
 h - 4 silver boomerangs
 E - 10 boomerangs (quivered)
 L - 2 curare-tipped darts
 Q - 6 javelins
 X - 3 silver javelins
Armour
 j - the +2 pair of gloves of Disaster (worn) {Drain +Inv rElec Dex+3}
   (Okawaru gifted it to you on level 8 of the Dungeon)

   Dex:       It affects your dexterity (+3).
   rElec:     It insulates you from electricity.
   +Inv:      It lets you turn invisible.
   Drain:     It drains your maximum health when unequipped.
 u - a +0 pair of boots of flying (worn)
 w - a +2 kite shield of resistance
 M - a +1 hat (worn)
 T - the +1 pair of boots of Duty {rN+}
   (Okawaru gifted it to you on level 12 of the Dungeon)

   rN:        It protects you from negative energy.
 U - the +1 cloak of the Cicada (worn) {Regen+ Str+6}
   (You found it in a Gauntlet)

   Str:       It affects your strength (+6).
   Regen:     It increases your rate of health regeneration.
 W - a +2 kite shield of protection (worn)
Jewellery
 q - a ring of protection from cold (left hand)
 B - an amulet of regeneration (around neck)
 P - a +6 ring of dexterity (right hand)
 V - the ring "Soiblaw" {MP+9 Int+6}
   (You took it off a minotaur in a Gauntlet)

   [ring of intelligence]

   Int:       It affects your intelligence (+6).
   MP:        It affects your magic capacity (+9).
Wands
 D - a wand of acid (13)
 G - a wand of mindburst (28)
 H - a wand of digging (13)
 I - a wand of roots (34)
 J - a wand of polymorph (17)
Scrolls
 l - 6 scrolls of fear
 n - 9 scrolls of poison
 o - 5 scrolls of immolation
 p - 5 scrolls of teleportation
 r - 4 scrolls of blinking
 y - 4 scrolls of magic mapping
 z - a scroll of silence
 O - 4 scrolls of fog
 Y - 6 scrolls of vulnerability
Potions
 d - 7 potions of brilliance
 e - 2 potions of mutation
 f - a potion of resistance
 g - a potion of haste
 i - 9 potions of curing
 v - 2 potions of ambrosia
 x - 5 potions of cancellation
 A - 4 potions of attraction
 C - 7 potions of lignification
 F - 2 potions of heal wounds
 K - 3 potions of berserk rage
 N - 2 potions of invisibility
 R - 2 potions of flight
 S - 7 potions of might
 Z - 3 potions of magic
Miscellaneous
 s - a phial of floods
 t - a condenser vane


   Skills:
 - Level 13.0 Fighting
 - Level 15.0 Long Blades
 - Level 8.0 Maces & Flails
 - Level 6.1 Throwing
 - Level 10.0 Dodging
 - Level 5.0 Stealth
 - Level 14.0 Shields
 - Level 4.0 Spellcasting
 - Level 5.0 Conjurations
 - Level 1.0 Necromancy
 - Level 5.0 Translocations
 - Level 2.0 Ice Magic
 + Level 12.1 Invocations
 + Level 9.8 Evocations


You had 9 spell levels left.
You knew the following spells:

 Your Spells              Type           Power      Damage    Failure   Level
a - Kiss of Death         Conj/Necr      40%        2d8       11%         1
b - Momentum Strike       Conj/Tloc      30%        3d8       8%          2
c - Hailstorm             Conj/Ice       11%        3d5       26%         3
d - Blink                 Tloc           30%        N/A       8%          2
e - Manifold Assault      Tloc           15%        N/A       43%         4
f - Mephitic Cloud        Conj/Pois/Air  6%         N/A       52%         3

Your spell library contained the following spells:

 Spells                   Type           Power      Damage    Failure   Level
 Lesser Beckoning         Tloc           30%        N/A       8%          2
 Foxfire                  Conj/Fire      36%        2x1d5     14%         1
 Shock                    Conj/Air       36%        1d5       14%         1
 Gell's Gravitas          Tloc           15%        N/A       14%         3
 Teleport Other           Tloc           15%        N/A       14%         3
 Freeze                   Ice            28%        1d5       17%         1
 Static Discharge         Conj/Air       18%        2-3/arc   21%         2
 Necrotise                Necr           20%        1d5       26%         1
 Portal Projectile        Hex/Tloc       18%        N/A       38%         3
 Vhi's Electric Charge    Tloc/Air       18%        N/A       38%         3
 Cigotuvi's Dreadful Rot  Necr/Pois/Air  6%         N/A       45%         2
 Frozen Ramparts          Ice            14%        1d3       45%         3
 Poisonous Vapours        Pois/Air       4%         N/A       50%         2
 Kindle Blastsparks       Fire/Tloc/Air  12%        2d11      52%         3
 Vampiric Draining        Necr           5%         2d6       58%         3
 Ignite Poison            Fire/Tmut/Pois 2%         N/A       75%         3
 Inner Flame              Hex/Fire       2%         N/A       75%         3
 Swiftness                Air            2%         N/A       75%         3
 Flame Wave               Conj/Fire      9%         2d6       80%         4
 Sticky Flame             Conj/Fire      9%         2d3       80%         4
 Airstrike                Air            1%         2d(1-17)  98%         4
 Cause Fear               Hex            1%         N/A       98%         4
 Leda's Liquefaction      Hex/Erth       1%         N/A       98%         4
 Arcjolt                  Conj/Air       4%         1d14      98%         5
 Fireball                 Conj/Fire      4%         3d4       98%         5
 Lightning Bolt           Conj/Air       4%         1d16      98%         5
 Freezing Cloud           Conj/Ice/Air   4%         6-21      99%         5
 Agony                    Necr           5%         N/A       100%        5
 Blade Hands              Tmut           1%         N/A       100%        5
 Borgnjor's Vile Clutch   Necr/Erth      1%         N/A       100%        5
 Eringya's Noxious Bog    Tmut/Pois      1%         N/A       100%        6
 Starburst                Conj/Fire      4%         6d4       100%        6
 Storm Form               Tmut/Air       1%         N/A       100%        7
 Discord                  Hex            1%         N/A       100%        8
 Ignition                 Fire           1%         3d3       100%        8
 Chain Lightning          Conj/Air       4%         3d6       100%        9
 Fire Storm               Conj/Fire      4%         8d1       100%        9
 Shatter                  Erth           1%         3d5*      100%        9
 Tukima's Dance           Hex            Unusable   N/A       N/A         3

Dungeon Overview and Level Annotations

Branches:
Dungeon (15/15)            Temple (0/1) D:6            Lair (5/5) D:10
  Swamp (4/4) Lair:2        Snake (2/4) Lair:3        Slime (0/5) Lair:5
    Orc (2/2) D:9             Elf (0/3) Orc:2        Vaults (0/5) D:14
 Depths (0/4) D:15        Ossuary (visited)           IceCv (visited)
Gauntlet (visited)

Altars:
Ashenzari
Elyvilon
Fedhas
Hepliaklqana
Kikubaaqudgha
Okawaru
Qazlal
Uskayaw
Wu Jian
Xom

Shops:
D:1 *   D:3 [   D:10 *   D:11 (   D:12 [   D:13 *   Orc:2 (!=!!

Portals:
Trove: D:13 (give +4 shadow dragon scales)

Annotations:
D:6 1 runed translucent door, Crazy Yiuf
D:8 exclusions: 2 lindwurms and 3 more exclusions
D:12 1 runed translucent door, browni3141's ghost, journeyman TrBe
D:13 exclusion: 2 downstairs
Lair:1 3 runed translucent doors, Darius099's ghost, journeyman TrMo
Lair:4 exclusion: downstairs
Lair:5 exclusion: 3 oklob plants


Innate Abilities, Weirdness & Mutations

You can breathe blasts of scalding, opaque steam.
Your pale cyan-grey scales are hard. (AC +9)
You cannot fit into any form of body armour.
You are cold-blooded and may be slowed by cold attacks.
You are immune to the effects of steam.
You are clumsy. (Dex -2)
You are dopey. (Int -2)
You are strong-willed. (Will+)


Message History

The salamander mystic seems to slow down.
The salamander mystic is heavily wounded.
The salamander mystic points at you and mumbles some strange words.
The lance of force hits you!
You whack the salamander mystic!
The salamander mystic looks as sick as possible! x2
The salamander mystic convulses.
The salamander mystic seems to be slow for longer.
The salamander mystic is almost dead.
You hit the salamander mystic but do no damage.
The salamander mystic looks as sick as possible! x2
The salamander mystic convulses.
You kill the salamander mystic!
Okawaru accepts your kill.
No target in view!
There is an open gate, spattered with blood here.
Things that are here:
a +0 scimitar; a +0 robe; a +0 trident HP restored.
Things that are here:
a +0 halberd of flaming; a +0 spear The salamander tyrant rends the earth beneath you!
The blast of magma engulfs you!!
There are monsters nearby!
The salamander tyrant rends the earth beneath you!
The blast of magma engulfs you!!!
The salamander tyrant gazes fiercely through you!
You feel your attacks grow feeble.
The salamander tyrant calls gouts of flame from the lava!
The flame surge hits you!!
The salamander tyrant gazes fiercely through you!
You feel as though you will be weak longer.
The salamander tyrant calls gouts of flame from the lava!
The flame surge hits you!
The salamander tyrant rends the earth beneath you!
The blast of magma engulfs you!!!
* * * LOW HITPOINT WARNING * * *
The salamander tyrant rends the earth beneath you!
The blast of magma engulfs you!!!
You die...

.### ##..N≈.≈≈.≈## #..# ##
...#.##≈.§# #N≈≈###.[## #
.....###§## ##≈###....## #
.######≈.≈# #≈.≈##.....## #
.# ##.## ##N###...)..# # .#
#≈.≈## ##§.≈##...)..# # ?#
##§#§###≈#≈###...N..# # .#
#≈..#§#≈#..≈##......# # .#
##§.......@###..N..## # .#
#≈...#≈#...≈##..#<## # .#
##[[#≈≈≈#..######## # .#
#≈..§≈≈≈≈..≈# # .#
##.)#§≈§#..## ### .#
##..#≈#.)## ##.S .#
##.))..## ##... .#
####)''### ##.... .##
##<))†....############....#


You could see 2 salamander tyrants.

Vanquished Creatures
  Nikola (Snake:1)
  A tentacled monstrosity (Swamp:2)
  Rupert (D:14)
  Frances (D:12)
  Agnes (D:14)
  2 thorn hunters
  Donald (Snake:1)
  2 fenstrider witches
  Aizul (Snake:2)
  An orc warlord (Orc:2)
  4 eleionomae
  A minotaur (Gauntlet)
  2 bunyips (Swamp:4)
  An ettin (D:15)
  Snorg (D:9)
  2 fire dragons
  A shambling mangrove (Swamp:3)
  A salamander tyrant (Snake:2)
  11 hydras
  4 boulder beetles
  2 caustic shrike simulacra (IceCv)
  2 catoblepae
  4 anacondas
  5 alligators
  3 centaur warriors
  5 two-headed ogres
  A death yak (Lair:4)
  3 shock serpents
  4 tengu warriors
  5 orc high priests
  5 naga warriors
  A spriggan berserker (Swamp:2)
  A deep elf knight (Swamp:2)
  2 skeletal warriors
  4 salamander mystics (Snake:2)
  4 deep trolls
  10 goliath frogs
  9 bog bodies
  7 spriggan druids
  A swamp dragon (Lair:2)
  2 obsidian statues (IceCv)
  A naga ritualist (Snake:2)
  A spriggan simulacrum (IceCv)
  3 wizards
  7 orc knights
  A deep elf pyromancer (D:14)
  4 mana vipers
  18 ugly things
  5 will-o-the-wisps
  4 cyclopes
  4 orc sorcerers (Orc:2)
  2 manticores
  3 guardian serpents
  17 salamanders
  Joseph (D:9)
  Maurice (D:12)
  2 naga magi
  15 cane toads
  2 molten gargoyles
  17 black mambas
  A torpor snail (Lair:5)
  2 gargoyles
  3 freezing wraiths (IceCv)
  A rime drake (Lair:1)
  Maggie (D:9)
  9 komodo dragons
  2 ice devils (IceCv)
  A yaktaur (D:15)
  4 kobold demonologists
  2 tengu conjurers
  4 golden dragon simulacra (IceCv)
  3 swamp worm zombies (Swamp:4)
  8 trolls
  3 polar bears (Lair:5)
  2 hydra zombies (Swamp:4)
  3 meliai (D:14)
  9 tyrant leeches
  Grinder (D:4)
  4 alligator zombies (Swamp:4)
  17 blink frogs
  A spectral swamp dragon (Swamp:4)
  10 hornets
  6 slime creatures
  A vampire (D:8)
  A shadow (D:8)
  10 spriggans
  4 water elementals (D:11)
  16 humans (D:14)
  3 wraiths
  8 wyverns
  20 yaks
  A fire elemental (D:14)
  4 basilisks
  4 steam dragons
  A minotaur simulacrum (IceCv)
  8 vampire mosquitoes
  Menkaure (D:6)
  8 swamp worms
  An acid dragon (D:11)
  15 nagas
  2 hydra simulacra (IceCv)
  Duvessa (D:5)
  26 water moccasins
  29 orc warriors
  A sky beast (D:8)
  2 ice beasts
  9 ogres
  3 alligator simulacra (IceCv)
  2 ettin simulacra (IceCv)
  4 boggarts (D:15)
  2 swamp dragon zombies (Swamp:4)
  13 wolves
  6 centaurs
  3 phantoms
  8 kobold brigands
  3 necrophages
  24 bullfrogs
  2 scorpions (D:6)
  5 water moccasin zombies (Ossuary)
  Dowan (D:5)
  8 killer bees
  A lindwurm simulacrum (IceCv)
  5 howler monkeys
  4 lava snakes (D:14)
  3 hounds
  A gnoll bouda (D:5)
  23 orc priests
  7 jellies
  A spectral swamp drake (Swamp:4)
  4 hell rats
  24 orc wizards
  2 iguanas (D:5)
  2 mummies (Ossuary)
  20 gnolls
  A swamp drake zombie (Swamp:4)
  11 adders
  A river rat (D:5)
  3 shadow imps
  2 ufetubi (Gauntlet)
  4 adder zombies (Ossuary)
  A worm (D:2)
  3 dart slugs
  52 orcs
  A bat (D:2)
  6 endoplasms
  2 giant cockroaches (D:5)
  31 goblins
  34 hobgoblins
  7 jackals
  28 kobolds
  3 quokkas
  6 ball pythons
  3 frilled lizards
  A gnoll zombie (Ossuary)
  8 hobgoblin zombies (Ossuary)
  3 kobold zombies (Ossuary)
  6 orc zombies (Ossuary)
  9 rats
  2 fire vortices
910 creatures vanquished.

Vanquished Creatures (others)
  A bunyip (Swamp:4)
  A wizard (D:15)
  2 bloated husks
  A swamp drake (Swamp:1)
  2 bushes (Lair:5)
  A fire vortex (D:14)
  44 foxfires
  22 fungi
  97 plants
  6 toadstools (Swamp:1)
177 creatures vanquished.

Grand Total: 1087 creatures vanquished

Notes
Turn   | Place    | Note
-------+----------+-------------------------------------------
     0 | D:1      | ragingrage the Draconian Reaver began the quest for the
                  | Orb.
     0 | D:1      | Reached XP level 1. HP: 17/17 MP: 3/3
   509 | D:1      | Found Meguloav's General Store.
   921 | D:2      | Reached XP level 2. HP: 24/24 MP: 5/5
  1072 | D:2      | Reached skill level 1 in Necromancy
  1279 | D:2      | Reached XP level 3. HP: 29/29 MP: 6/6
  1284 | D:2      | Learned a level 2 spell: Momentum Strike
  1904 | D:1      | Bought a potion of heal wounds for 70 gold pieces
  2123 | D:2      | Reached skill level 1 in Translocations
  2387 | D:3      | Learned a level 3 spell: Hailstorm
  2449 | D:3      | Reached XP level 4. HP: 27/36 MP: 7/7
  2772 | D:3      | Found a stormy altar of Qazlal.
  2815 | D:3      | Found Tiugg's Armour Shop.
  2896 | D:4      | Found an iron altar of Okawaru.
  2897 | D:4      | Noticed a sky beast
  3261 | D:4      | Reached skill level 1 in Stealth
  3401 | D:4      | Noticed a necrophage
  3433 | D:4      | Reached skill level 4 in Long Blades
  3494 | D:4      | Reached XP level 5. HP: 40/41 MP: 8/8
  3628 | D:4      | Noticed Grinder
  3634 | D:4      | Paralysed by Grinder for 4 turns
  3662 | D:4      | Paralysed by Grinder for 5 turns
  3685 | D:4      | Killed Grinder
  3686 | D:4      | Reached skill level 1 in Ice Magic
  3686 | D:4      | Reached XP level 6. HP: 34/48 MP: 9/9
  4283 | D:4      | Became a worshipper of Warmaster Okawaru
  4310 | D:5      | Entered Level 5 of the Dungeon
  4439 | D:5      | Noticed Duvessa
  4440 | D:5      | Noticed Dowan
  4446 | D:5      | Found a sand-covered staircase.
  4450 | Ossuary  | Entered an ossuary
  4596 | Ossuary  | Your scales start taking on a pale cyan-grey colour.
  4596 | Ossuary  | Reached XP level 7. HP: 44/55 MP: 8/10
  4596 | Ossuary  | Gained mutation: You are immune to the effects of steam.
                  | [Pale Draconian growth]
  4747 | Ossuary  | Reached skill level 5 in Long Blades
  4747 | Ossuary  | Reached skill level 5 in Conjurations
  4845 | Ossuary  | Reached * piety under Okawaru
  4934 | D:5      | Killed Duvessa
  4935 | D:5      | Reached skill level 6 in Long Blades
  4941 | D:5      | Killed Dowan
  5037 | D:5      | Reached skill level 7 in Long Blades
  5054 | D:5      | Reached XP level 8. HP: 59/61 MP: 11/11
  5271 | D:5      | Found a hide-covered altar of Uskayaw.
  5661 | D:5      | Reached skill level 8 in Long Blades
  5772 | D:5      | Reached ** piety under Okawaru
  6552 | D:5      | Found an ornate altar of the Wu Jian Council.
  6557 | D:5      | Found an ancient bone altar of Kikubaaqudgha.
  6560 | D:5      | Found a shimmering altar of Xom.
  6895 | D:6      | Found a staircase to the Ecumenical Temple.
  6915 | D:6      | Reached skill level 9 in Long Blades
  7163 | D:6      | Found a runed translucent door.
  7164 | D:6      | Noticed Crazy Yiuf
  7403 | D:6      | Reached skill level 10 in Long Blades
  7492 | D:6      | Reached XP level 9. HP: 67/67 MP: 12/12
  7682 | D:6      | Noticed Menkaure
  7686 | D:6      | Killed Menkaure
  7929 | D:6      | Reached skill level 11 in Long Blades
  8193 | D:7      | Gained mutation: You are strong-willed. (Will+) [potion of
                  | mutation]
  8194 | D:7      | HP: 3/67 [steam dragon (4)]
  8199 | D:7      | Reached *** piety under Okawaru
  8564 | D:7      | Found a broken altar of Ashenzari.
  8841 | D:7      | Reached skill level 12 in Long Blades
  9190 | D:8      | Noticed a lindwurm
  9207 | D:8      | Noticed a lindwurm
  9513 | D:8      | Reached skill level 13 in Long Blades
  9513 | D:8      | Reached XP level 10. HP: 24/73 MP: 13/13
  9715 | D:8      | Noticed a lindwurm
  9799 | D:8      | Found a hazy altar of Hepliaklqana.
  9892 | D:8      | Noticed a lindwurm
 10072 | D:9      | Noticed Maggie
 10300 | D:9      | Reached **** piety under Okawaru
 11001 | D:8      | HP: 3/62 [killer bee (5)]
 11008 | D:8      | Reached skill level 1 in Invocations
 11374 | D:8      | Reached skill level 14 in Long Blades
 11844 | D:9      | Noticed a boulder beetle
 11845 | D:9      | Found a staircase to the Orcish Mines.
 11870 | D:9      | Reached skill level 5 in Invocations
 11875 | D:9      | Killed a boulder beetle
 11875 | D:9      | Reached ***** piety under Okawaru
 12397 | D:8      | Identified the +2 pair of gloves of Disaster {Drain +Inv
                  | rElec Dex+3} (Okawaru gifted it to you on level 8 of the
                  | Dungeon)
 12397 | D:8      | Received a gift from Okawaru
 12723 | D:9      | Noticed Joseph
 12761 | D:8      | Reached XP level 11. HP: 62/79 MP: 15/17
 12963 | D:9      | Noticed a two-headed ogre
 12996 | D:9      | Killed a two-headed ogre
 13088 | D:9      | Killed Maggie
 13255 | D:9      | Killed Joseph
 13256 | D:9      | Reached skill level 1 in Evocations
 13567 | D:9      | Learned a level 2 spell: Blink
 13572 | D:9      | Learned a level 4 spell: Manifold Assault
 13589 | D:10     | Entered Level 10 of the Dungeon
 13628 | D:10     | Noticed a two-headed ogre
 13637 | D:10     | Killed a two-headed ogre
 13643 | D:10     | Found Buxipun's Bounteous Boutique.
 13660 | D:10     | Bought a scroll of blinking for 105 gold pieces
 13660 | D:10     | Bought a potion of berserk rage for 70 gold pieces
 13867 | D:10     | Found a staircase to the Lair.
 14185 | D:11     | Found Ylogg's Weapon Emporium.
 14458 | D:11     | Noticed a boulder beetle
 14475 | D:11     | Killed a boulder beetle
 15356 | D:11     | Noticed a two-headed ogre
 15363 | D:11     | Killed a two-headed ogre
 15518 | D:12     | Found Godept's Antique Armour Shoppe.
 15521 | D:12     | Bought an embroidered cloak for 255 gold pieces
 15575 | D:12     | Found a runed translucent door.
 15621 | D:12     | Noticed a two-headed ogre
 15642 | D:12     | Killed a two-headed ogre
 15642 | D:12     | Identified the +0 pair of gloves of Ogikh {rN+ Stlth+}
                  | (Okawaru gifted it to you on level 12 of the Dungeon)
 15642 | D:12     | Received a gift from Okawaru
 15643 | D:12     | Reached skill level 5 in Fighting
 15693 | D:12     | Noticed Frances
 15697 | D:12     | Noticed a two-headed ogre
 15704 | D:13     | Reached skill level 1 in Throwing
 15841 | Lair:1   | Entered Level 1 of the Lair of Beasts
 15872 | D:10     | Reached skill level 5 in Translocations
 16165 | Lair:1   | Reached XP level 12. HP: 94/94 MP: 18/18
 16187 | Lair:2   | Noticed Sonja
 16192 | Lair:2   | Sonja changed into Sonja the centaur
 16192 | Lair:2   | Noticed Sonja
 16198 | Lair:2   | Killed Sonja the centaur
 16199 | Lair:2   | Reached skill level 5 in Evocations
 16226 | Lair:2   | Found a staircase to the Swamp.
 16528 | Lair:1   | Reached skill level 5 in Dodging
 16748 | Lair:2   | Found a blossoming altar of Fedhas.
 17500 | Lair:2   | Identified a scroll of acquirement
 17695 | Lair:3   | Found a gate leading to a gauntlet.
 17708 | Gauntlet | Entered a Gauntlet
 17708 | Gauntlet | Found a transporter.
 17708 | Gauntlet | Found a runed translucent gate.
 17708 | Gauntlet | Found a transporter.
 17710 | Gauntlet | Found a runed translucent gate.
 17710 | Gauntlet | Found a transporter.
 17711 | Gauntlet | Found a runed translucent gate.
 17711 | Gauntlet | Noticed a tengu warrior
 17713 | Gauntlet | Found a transporter.
 17730 | Gauntlet | Found a transporter.
 17738 | Gauntlet | Found a transporter.
 17742 | Gauntlet | Found a transporter.
 17756 | Gauntlet | Noticed a catoblepas
 17758 | Gauntlet | Found a transporter.
 17765 | Gauntlet | Found a runed translucent door.
 17767 | Gauntlet | Found a transporter.
 17769 | Gauntlet | Found a runed translucent door.
 17781 | Gauntlet | Found a transporter.
 17785 | Gauntlet | Found a transporter.
 17794 | Gauntlet | Found a transporter.
 17944 | Gauntlet | Killed a catoblepas
 17965 | Gauntlet | Identified the +1 cloak of the Cicada {Regen+ Str+6}
 18147 | Gauntlet | Identified the ring "Soiblaw" {MP+9 Int+6}
 18147 | Gauntlet | Noticed a minotaur
 18158 | Gauntlet | Killed a minotaur
 18164 | Gauntlet | Identified the +3 robe of Insecurity {rC+ Str+4 Int-3
                  | Archmagi}
 18164 | Gauntlet | Identified the +7 rapier of the Shining Light {protect,
                  | rCorr MP+9 Int-4 Stlth+}
 18164 | Gauntlet | Identified the +4 war axe "Zeent" {flame, rF- Dex+3 Stlth+}
 18275 | Lair:3   | Learned a level 3 spell: Mephitic Cloud
 18498 | Lair:3   | Reached skill level 1 in Shields
 18584 | Lair:3   | Found a staircase to the Snake Pit.
 18606 | Lair:3   | Reached skill level 5 in Throwing
 19037 | Lair:3   | Found the +8 whip "Snakebite" {venom, curare, rPois}
 19463 | Lair:4   | Noticed a seven-headed hydra
 19660 | Lair:4   | Noticed a seven-headed hydra
 19680 | Lair:4   | Killed a three-headed hydra
 19699 | Lair:4   | Reached skill level 1 in Maces & Flails
 20044 | Lair:4   | Reached XP level 13. HP: 108/108 MP: 19/19
 20270 | Lair:4   | Received a gift from Okawaru
 20588 | Lair:5   | Entered Level 5 of the Lair of Beasts
 21315 | Lair:5   | Reached ****** piety under Okawaru
 21416 | Lair:5   | Identified the +1 pair of gloves of the Earth {Rampage rN+
                  | Will+} (Okawaru gifted it to you on level 5 of the Lair of
                  | Beasts)
 21416 | Lair:5   | Received a gift from Okawaru
 21598 | Lair:5   | Reached skill level 5 in Shields
 22041 | Lair:5   | Found a staircase to the Slime Pits.
 22074 | Lair:5   | Reached skill level 10 in Fighting
 22146 | Lair:5   | Reached skill level 5 in Maces & Flails
 22297 | Lair:5   | Got the Vellum of Poor Excuses
 22723 | Lair:1   | Found a runed translucent gate.
 22723 | Lair:1   | Found a runed translucent gate.
 22723 | Lair:1   | Found a runed translucent gate.
 22977 | Lair:1   | Noticed Darius099's ghost (journeyman TrMo)
 23044 | Orc:1    | Entered Level 1 of the Orcish Mines
 23048 | Orc:1    | Noticed Snorg
 23090 | Arena    | Entered the Arena
 23122 | D:9      | Killed Snorg
 23600 | Orc:1    | Reached XP level 14. HP: 113/121 MP: 20/20
 23785 | Orc:2    | Entered Level 2 of the Orcish Mines
 23961 | Orc:2    | Received a gift from Okawaru
 24213 | Orc:2    | Found Golyin's Antique Weapon Boutique.
 24225 | Orc:2    | Noticed an orc warlord
 24477 | Orc:2    | Killed an orc warlord
 24560 | Orc:2    | Bought a glowing scimitar for 182 gold pieces
 25099 | Orc:2    | Received a gift from Okawaru
 25177 | Orc:2    | Found a staircase to the Elven Halls.
 25256 | Orc:2    | Found Mieptyny's Distillery.
 25292 | Orc:2    | Found Qoid's Jewellery Shoppe.
 25296 | Orc:2    | Bought a potion of resistance for 160 gold pieces
 25299 | Orc:2    | Found Kinwid's Distillery.
 25301 | Orc:2    | Found Wiwkihaot's Distillery.
 25310 | Orc:2    | Bought a potion of heal wounds for 70 gold pieces
 25426 | Orc:2    | Bought an amulet of regeneration for 420 gold pieces
 25427 | Orc:2    | Acquired 1079 gold pieces
 25673 | D:12     | Noticed Maurice
 25684 | D:12     | Killed Maurice
 25831 | D:12     | Identified the +1 pair of boots of Duty {rN+} (Okawaru
                  | gifted it to you on level 12 of the Dungeon)
 25831 | D:12     | Received a gift from Okawaru
 25898 | D:12     | Killed Frances
 25964 | D:12     | Noticed browni3141's ghost (journeyman TrBe)
 26293 | D:13     | Found Edda's General Store.
 26316 | D:13     | Bought a scroll of teleportation for 45 gold pieces
 26316 | D:13     | Bought a potion of invisibility for 120 gold pieces
 26493 | D:13     | Found a portal to a secret trove of treasure.
 26742 | D:13     | Reached skill level 10 in Shields
 26860 | D:14     | Noticed Rupert
 26860 | D:14     | Found a gate to the Vaults.
 27102 | D:14     | Gained mutation: You are dopey. (Int -2) [a neqoxec]
 27103 | D:14     | Gained mutation: You are clumsy. (Dex -2) [a neqoxec]
 27558 | D:14     | Noticed Agnes
 27575 | D:14     | Killed Agnes
 27757 | D:14     | Killed Rupert
 27758 | D:14     | Reached XP level 15. HP: 126/126 MP: 21/21
 27772 | D:15     | Entered Level 15 of the Dungeon
 27895 | D:14     | Received a gift from Okawaru
 28131 | D:14     | Received a gift from Okawaru
 29054 | D:15     | Reached skill level 5 in Stealth
 29194 | D:15     | Received a gift from Okawaru
 29265 | D:15     | Found a staircase to the Depths.
 29879 | Swamp:1  | Entered Level 1 of the Swamp
 30097 | Swamp:1  | Noticed a thorn hunter
 30184 | Lair:2   | Killed a thorn hunter
 31172 | Swamp:2  | Found a white marble altar of Elyvilon.
 31337 | Swamp:2  | Found a frozen archway.
 31359 | IceCv    | Entered an ice cave
 32022 | IceCv    | Received a gift from Okawaru
 32064 | IceCv    | Noticed an Ice Fiend
 32064 | IceCv    | Noticed an Ice Fiend
 32419 | Swamp:3  | Reached XP level 16. HP: 137/137 MP: 23/23
 32746 | Swamp:3  | Reached skill level 10 in Invocations
 32811 | Swamp:3  | Noticed a thorn hunter
 32850 | Swamp:3  | Killed a thorn hunter
 33347 | Swamp:2  | Noticed a tentacled monstrosity
 33371 | Swamp:2  | Killed a tentacled monstrosity
 33371 | Swamp:2  | Received a gift from Okawaru
 33615 | Swamp:2  | Received a gift from Okawaru
 33616 | Swamp:2  | Found the +11 Singing Sword {sonic wave}
 33720 | Swamp:4  | Entered Level 4 of the Swamp
 34306 | Swamp:4  | Paralysed by a hornet for 3 turns
 34324 | Swamp:4  | Reached skill level 10 in Dodging
 34678 | Swamp:4  | Paralysed by a fenstrider witch for 5 turns
 34689 | Swamp:4  | Paralysed by a fenstrider witch for 4 turns
 35090 | Swamp:4  | Identified the +0 pair of gloves "Damid" {*Corrode rElec
                  | rF+ rN+} (Okawaru gifted it to you on level 4 of the Swamp)
 35090 | Swamp:4  | Received a gift from Okawaru
 35129 | Swamp:4  | Noticed a bone dragon
 35400 | Snake:1  | Entered Level 1 of the Snake Pit
 35419 | Snake:1  | Noticed Nikola
 35432 | Snake:1  | Killed Nikola
 35461 | Snake:1  | Noticed Donald
 35479 | Snake:1  | Killed Donald
 36693 | Snake:2  | Noticed Aizul
 36738 | Snake:2  | Killed Aizul
 37087 | Snake:1  | Reached XP level 17. HP: 99/148 MP: 25/25
 37729 | Snake:2  | Received a gift from Okawaru
 38505 | Snake:2  | Reached skill level 15 in Long Blades
 38920 | Snake:2  | Killed from afar by a salamander tyrant

Illustrated notes

Levels and vault maps discovered:
D:1:      lemuel_arrival_hallway, layout_loops_ring, serial_forest,
          infiniplex_forest_clump_long, infiniplex_forest_lined_2,
          infiniplex_forest_lined_4_way, infiniplex_forest_straight_3,
          infiniplex_forest_zigzag_1, infiniplex_forest_clump_small,
          infiniplex_forest_straight_3, serial_shops, nicolae_shop_trees
D:2:      layout_loops_corners, kennysheep_generic_room_5
D:3:      layout_basic, grunt_qazlal_clouds, serial_shops,
          nicolae_shop_statue_plus, minmay_fractal_squares_5
D:4:      layout_rooms, okawaru_trees_1, uniq_grinder
D:5:      minmay_goblin_kobold_castle, layout_basic, nicolae_uskayaw_suspiria,
          minmay_overflow_temple_star_quad, gup_sewer_entry_bowl,
          enter_ossuary_5, kennysheep_generic_room_11, uniq_duvessa
D:6:      nicolae_cairo_tiling_very_big, layout_basic,
          minmay_temple_entry_from_below_a, uniq_menkaure,
          uniq_crazy_yiuf_cottage
D:7:      layout_rooms, nicolae_ashenzari_skybound,
          chequers_serial_rivers_small_3
D:8:      layout_rooms, mainiacjoe_overflow_small_starburst,
          minmay_lindwurm_lava
D:9:      nzn_winding_woodlands_three_and_one
          [nzn_winding_woodlands_5x15_pathside_ponds,
          nzn_winding_woodlands_5x15_eye, nzn_winding_woodlands_5x15_crooked,
          nzn_winding_woodlands_center_garden], layout_rooms, orc_0_dummy,
          st_stairs_4, uniq_maggie, uniq_joseph
D:10:     layout_cave_pools, lair_entry_dummy, nicolae_alphabet_shops
D:11:     layout_loops_corners, serial_shops, nicolae_square_shop,
          nicolae_underground_beach
D:12:     layout_basic, serial_shops, nicolae_shop_behind_doors,
          ebering_ghost_reflecting_pool, uniq_frances, uniq_maurice
D:13:     layout_roguey, serial_shops, nicolae_shop_stone, enter_trove_6,
          amcnicky_mini_corridor_feature
D:14:     layout_basic, david_vaults_3, minivault_26, uniq_agnes
D:15:     hangedman_depths_entry_civil_slaughter, layout_irregular_city,
          serial_bayou_pond_e
Lair:1:   layout_hall_layers, gammafunk_ghost_necromancy, grunt_megastairs_2
Lair:2:   layout_long_grid, minmay_swamp_entry_wisps, basic_altar,
          serial_bayou_shore_b, serial_bayou_shore_b, uniq_sonja
Lair:3:   minmay_guarded_unrand_snakebite, layout_loops_ring,
          guppyfry_snake_entry_island, gauntlet_entry_generic,
          grunt_megastairs_3, infiniplex_staircase_pool
Lair:4:   layout_gridlike, minivault_24, nicolae_lair_grove_arrangements,
          uniq_rupert
Lair:5:   minmay_lair_end_frog_pond, layout_misc_corridors, slime_entry_1,
          dpeg_oklob_1
Swamp:1:  cheibrodos_swamp_tower_of_moss, layout_falls_marsh,
          evilmike_swamp_ruin_house_2, nicolae_swamp_trees_clearing, swamp_pool2
Swamp:2:  cheibrodos_swamp_heart_of_darkness, layout_basic_swamp,
          portal_ice_cave_entry_pillars_three, basic_altar
Swamp:3:  layout_falls_marsh, nicolae_swamp_little_tower, swamp_pool1
Swamp:4:  swamp_pestilence, layout_basic_swamp, swamp_pool1
Snake:1:  layout_cave_pods, uniq_donald, uniq_nikola
Snake:2:  cheibrodos_snake_lava_hold, layout_concentric_octagons, uniq_aizul
Orc:1:    layout_caves, uniq_snorg
Orc:2:    st_orc_elflike, layout_caves, serial_shops, shop, minmay_orc_temple_a

Skill      XL: |  1  2  3  4  5  6  7  8  9 10 11 12 13 14 15 16 17 |
---------------+----------------------------------------------------+-----
Necromancy     | 1 |  1.0
Translocations | 1 2 3 5 |  5.0
Stealth        | 1 2 3 5 |  5.0
Conjurations   | 4 5 |  5.0
Long Blades    | 4 7 10 13 14 15 | 15.0
Ice Magic      | 1 2 |  2.0
Invocations    | 8 9 11 12 | 12.1
Dodging        | 4 7 8 9 10 | 10.0
Evocations     | 4 5 6 9 |  9.8
Fighting       | 5 8 10 11 12 13 | 13.0
Throwing       | 1 5 6 |  6.1
Shields        | 2 6 11 14 | 14.0
Maces & Flails | 1 6 8 |  8.0
Spellcasting   | 4 |  4.0

Action                     |  1- 3 |  4- 6 |  7- 9 | 10-12 | 13-15 | 16-18 || total
---------------------------+-------+-------+-------+-------+-------+-------++-------
  Melee: Falchion          |   155 |   220 |   324 |   142 |       |       ||   841
         Tailslap          |    11 |    29 |    51 |   101 |   356 |   205 ||   753
         Punch             |     1 |     1 |     1 |    13 |       |       ||    16
         Scimitar          |       |       |       |   407 |   194 |    10 ||   611
         Whip              |       |       |       |    68 |  1483 |   808 ||  2359
         Long sword        |       |       |       |     5 |    42 |    18 ||    65
         Double sword      |       |       |       |       |       |   116 ||   116
   Fire: Hand crossbow     |       |       |       |       |     2 |       ||     2
  Throw: Dart              |       |    12 |       |    45 |    12 |     3 ||    72
         Throwing net      |       |     3 |       |       |       |       ||     3
         Boomerang         |       |       |       |     8 |   100 |    74 ||   182
   Cast: Momentum Strike   |     2 |     5 |    21 |    13 |       |       ||    41
         Kiss of Death     |       |     1 |     5 |     3 |       |       ||     9
         Hailstorm         |       |       |     1 |       |       |       ||     1
 Invoke: Heroism           |       |       |       |     7 |     9 |     6 ||    22
         Finesse           |       |       |       |       |     2 |     2 ||     4
         Duel              |       |       |       |       |     1 |       ||     1
Ability: Breathe Steam     |       |       |    59 |    80 |    20 |    10 ||   169
  Evoke: Wand              |       |       |       |    12 |    13 |     5 ||    30
         Condenser vane    |       |       |       |       |     4 |     2 ||     6
         Phial of floods   |       |       |       |       |       |     2 ||     2
    Use: Scroll            |       |     5 |       |    24 |     9 |     6 ||    44
         Potion            |       |     3 |    10 |     3 |     3 |     5 ||    24
   Stab: Sleeping          |       |     1 |     1 |     3 |     8 |     6 ||    19
         Held in net/web   |       |     3 |       |       |       |       ||     3
         Distracted        |       |       |       |     1 |     1 |       ||     2
         Paralysed         |       |       |       |     5 |       |       ||     5
         Confused          |       |       |       |       |    11 |       ||    11
 Armour: Skin              |    55 |    56 |   133 |   196 |   434 |   164 ||  1038
  Dodge: Dodged            |   115 |   126 |   211 |   372 |   753 |   369 ||  1946
  Block: Kite shield       |       |       |       |    91 |  1075 |   613 ||  1779

Table legend: (Time is in decaauts)
 A = Elapsed time spent in this place.
 B = Non-inter-level travel time spent in this place.
 C = Inter-level travel time spent in this place.
 D = Time resting spent in this place.
 E = Time spent auto-exploring this place.
 F = Levels seen in this place.
 G = Mean time per level.
                   A        B        C        D        E       F      G
               +--------+--------+--------+--------+--------+-----+--------+
         Total |  38392 |  36196 |   2196 |   9495 |  16040 |  32 | 1199.8 |
       Dungeon |  19733 |  18612 |   1121 |   4756 |   9201 |  15 | 1315.5 |
          Lair |   6939 |   6376 |    563 |   1138 |   3252 |   5 | 1387.8 |
         Swamp |   4298 |   4093 |    205 |   1368 |   1525 |   4 | 1074.5 |
     Snake Pit |   3385 |   3210 |    175 |    969 |   1037 |   2 | 1692.5 |
  Orcish Mines |   2272 |   2141 |    131 |    617 |    833 |   2 | 1136.0 |
       Ossuary |    469 |    469 |      0 |    214 |      0 |   1 |  469.0 |
      Ice Cave |    752 |    752 |      0 |    283 |     85 |   1 |  752.0 |
      Gauntlet |    516 |    516 |      0 |    143 |    106 |   1 |  516.0 |
         Arena |     24 |     24 |      0 |      5 |      0 |   1 |   24.0 |
               +--------+--------+--------+--------+--------+-----+--------+

Top non-repeatable levels by time:
     D:8: 3379 daAuts
     D:5: 2075 daAuts
 Snake:2: 1739 daAuts
 Snake:1: 1645 daAuts
    D:14: 1635 daAuts
  Lair:4: 1537 daAuts
  Lair:3: 1497 daAuts
 Swamp:4: 1473 daAuts
  Lair:2: 1425 daAuts
     D:4: 1410 daAuts
    D:11: 1378 daAuts
  Lair:5: 1374 daAuts
     D:9: 1320 daAuts
     D:2: 1306 daAuts
     D:6: 1288 daAuts
